 Dungeon Crawl Stone Soup version 0.21.1-1-g345015f (webtiles) character file.

85283 aMcNicky the Fighter (level 15, -22/137 HPs)
             Began as a Green Draconian Ice Elementalist on Mar 22, 2018.
             Was a High Priest of Vehumet.
             Killed from afar by a deep elf mage (26 damage)
             ... with a bolt of lightning
             ... on level 2 of the Orcish Mines on Mar 23, 2018.
             The game lasted 03:12:20 (34293 turns).

aMcNicky the Fighter (DrIE)                        Turns: 34293, Time: 03:12:21

Health: -22/137    AC: 18    Str: 13    XL:     15   Next: 37%
Magic:  25/40      EV: 15    Int: 22    God:    Vehumet [*****.]
Gold:   2596       SH: 13    Dex: 11    Spells: 9/38 levels left

rFire    . . .     SeeInvis .   b - +1 dagger (protect)
rCold    . . .     Gourm    .   L - +4 buckler of Spring {Str+2}
rNeg     . . .     Faith    .   (armour unavailable)
rPois    +         Spirit   .   i - +2 hat
rElec    .         Reflect  +   E - +0 cloak
rCorr    .         Harm     .   c - +2 pair of gloves
MR       ++...                  o - +2 pair of boots
Stlth    ++........             J - +5 amulet of reflection
HPRegen  0.32/turn              s - ring of magical power
MPRegen  0.27/turn              t - ring of protection from magic

@: no status effects
A: breathe noxious fumes, unfitting armour, stinger 1, poison resistance,
cold-blooded, AC +9
a: Breathe Noxious Fumes, Renounce Religion


You were on level 2 of the Orcish Mines.
You worshipped Vehumet.
Vehumet was extremely pleased with you.
You were not hungry.

You visited 6 branches of the dungeon, and saw 27 of its levels.

You collected 2767 gold pieces.
You spent 171 gold pieces at shops.

Inventory:

Hand Weapons
 b - a +1 dagger of protection (weapon)
Armour
 c - a +2 pair of gloves (worn)
 i - a +2 hat (worn)
 o - a +2 pair of boots (worn)
 E - a +0 cloak (worn)
 L - the +4 buckler of Spring (worn) {Str+2}
   (You found it on level 9 of the Dungeon)

   It affects your strength (+2).
Magical Staves
 a - an uncursed staff of conjuration
Jewellery
 s - a ring of magical power (left hand)
 t - a ring of protection from magic (right hand)
 u - an uncursed ring of fire
 J - a +5 amulet of reflection (around neck)
 R - an uncursed ring of resist corrosion
 T - an uncursed ring of ice
 W - an uncursed ring of protection from cold
 X - the ring of Vamiwk {Int+2 Dex+4 SInv Stlth+}
   (You found it on level 1 of the Spider Nest)

   [ring of intelligence]

   It affects your intelligence (+2).
   It affects your dexterity (+4).
   It lets you see invisible.
   It makes you more stealthy.
Wands
 m - a wand of iceblast (17)
 F - a wand of paralysis (25)
 H - a wand of random effects (16)
 K - a wand of acid (15)
 P - a wand of disintegration (26)
 V - a wand of polymorph (12)
Scrolls
 d - 2 scrolls of noise {unknown}
 e - 6 scrolls of fog
 f - 2 scrolls of immolation {unknown}
 h - 2 scrolls of summoning {unknown}
 l - 10 scrolls of remove curse {@r2}
 n - a scroll of amnesia
 p - a scroll of silence {unknown}
 q - 9 scrolls of enchant armour
 r - a scroll of teleportation
 w - 2 scrolls of identify {@r1}
 x - 4 scrolls of magic mapping
 y - a scroll of blinking {unknown}
 M - a scroll of fear {unknown}
Potions
 g - 3 potions of flight
 j - 2 potions of resistance
 k - 3 potions of mutation
 v - a potion of cancellation {unknown}
 z - 7 potions of curing {@q1}
 A - 3 potions of lignification
 B - 2 potions of agility
 D - 4 potions of might
 G - 3 potions of berserk rage
 I - a potion of brilliance
 N - 3 potions of invisibility {unknown}
 U - 3 potions of heal wounds {unknown}
 Z - a potion of ambrosia {unknown}
Books
 C - a book of Ice

   Spells                             Type                      Level
   a - Ice Form                       Ice/Transmutation            4
   b - Metabolic Englaciation         Hexes/Ice                    5
   c - Ozocubu's Refrigeration        Ice                          6
   d - Bolt of Cold                   Conjuration/Ice              6
   e - Freezing Cloud                 Conjuration/Ice/Air          6
   f - Simulacrum                     Ice/Necromancy               6
 S - a book of the Tempests

   Spells                             Type                      Level
   a - Static Discharge               Conjuration/Air              3
   b - Lightning Bolt                 Conjuration/Air              5
   c - Ignition                       Fire                         8
   d - Tornado                        Air                          9
   e - Shatter                        Earth                        9
 Y - a book of Frost

   Spells                             Type                      Level
   a - Freeze                         Ice                          1
   b - Throw Frost                    Conjuration/Ice              2
   c - Ozocubu's Armour               Charms/Ice                   3
   d - Throw Icicle                   Conjuration/Ice              4
   e - Summon Ice Beast               Ice/Summoning                4
Comestibles
 Q - 24 rations


   Skills:
 + Level 13.9 Fighting
 - Level 6.7 Dodging
 - Level 1.7 Stealth
 - Level 4.0 Shields
 + Level 12.1 Spellcasting
 + Level 13.1 Conjurations
 - Level 3.5 Fire Magic
 + Level 13.3 Ice Magic
 - Level 3.2 Poison Magic


You had 9 spell levels left.
You knew the following spells:

 Your Spells              Type           Power        Failure   Level  Hunger
a - Freeze                Ice            ####         0%          1    None
b - Bolt of Cold          Conj/Ice       ######....   1%          6    #####..
c - Throw Frost           Conj/Ice       ######       1%          2    None
d - Throw Icicle          Conj/Ice       ######..     1%          4    None
e - Shock                 Conj/Air       ####         1%          1    None
f - Ozocubu's Refrigerat  Ice            ######....   1%          6    #####..
g - Ozocubu's Armour      Chrm/Ice       #####...     1%          3    None
i - Fireball              Conj/Fire      ######....   1%          5    ####...
j - Sting                 Conj/Pois      ####         1%          1    None


Dungeon Overview and Level Annotations

Branches:
Dungeon (15/15)            Temple (1/1) D:4            Lair (6/6) D:9
 Shoals (0/4) Lair:2       Spider (2/4) Lair:3        Slime (0/5) Lair:5
    Orc (2/2) D:12            Elf (1/3) Orc:2        Vaults (0/5) D:13
 Depths: D:15

Altars:
Ashenzari
Cheibriados
Dithmenos
Elyvilon
Fedhas
Gozag
Hepliaklqana
Kikubaaqudgha
Makhleb
Nemelex Xobeh
Okawaru
Qazlal
Ru
Sif Muna
Trog
Uskayaw
Vehumet
Wu Jian
Xom
Yredelemnul
Zin
The Shining One
Beogh

Shops:
Orc:2 !?([!

Portals:
Trove: D:11 (give 17 potions of curing)

Annotations:
D:1 exclusion: downstairs
D:3 1 runed door
D:6 exclusion: downstairs
Spider:1 exclusion: Roxanne, Roxanne
Spider:2 Arachne


Innate Abilities, Weirdness & Mutations

You can breathe blasts of noxious fumes.
Your lurid green scales are hard. (AC +9)
You cannot fit into any form of body armour.
Your tail ends in a poisonous barb.
Your system is resistant to poisons. (rPois)
You are cold-blooded and may be slowed by cold attacks.


Message History

Aiming: Throw Icicle
Press: ? - help, Shift-Dir - straight line, f/p - deep elf mage
Aim: a deep elf mage, wielding a long sword and wearing a ring mail (almost dead)
The shard of ice hits the deep elf mage.
You kill the deep elf mage!
Vehumet accepts your kill.
The deep elf mage gestures at you while chanting.
The bolt of lightning misses you. The bolt of lightning hits you!
* * * LOW HITPOINT WARNING * * *
Okay, then.
Casting: Throw Icicle
Confirm with . or Enter, or press ? or * to list all spells.
Aiming: Throw Icicle
Press: ? - help, Shift-Dir - straight line, f - deep elf mage
Aim: a deep elf mage, wielding a short sword The shard of ice hits the deep elf mage.
The deep elf mage is heavily wounded.
The deep elf mage points at you and mumbles some strange words.
The bolt of lightning hits you!
You die...

#...# ##..#..#####.... ##.##
####........... #####
##.......#.# ##.##
#.........## #...##
##.#.....### #####...####
###.....#.# ##...#......##
#......... #.......).)..#
##........ ##.......[@).##
###......
###........e))#######......##
#............[##.#.#.......##
#..#)###.....[......#...#....
#.##)..##.##..#####........##
#.#.....#.###.#...#.......##.
#.#.....#.###.#_.)#......##..
#.#.._).#.##..#..)[......#...
#.##...##..##.#####......#...


You could see a deep elf mage.

Vanquished Creatures
  Gastronok (Lair:2)
  Kirke (Spider:1)
  An orc warlord (Orc:1)
  A fire dragon (D:10)
  Snorg (Orc:2)
  Josephine (Lair:4)
  7 hydras
  3 vault guards (D:13)
  Harold (D:10)
  2 centaur warriors
  A death knight (D:14)
  4 two-headed ogres
  An ogre mage (D:15)
  2 death yaks (Lair:3)
  A tengu warrior (D:15)
  An orc high priest (Orc:2)
  2 slime creatures (D:15)
  3 deep elf knights
  Nergalle (Lair:2)
  4 unseen horrors
  2 deep elf archers
  A wizard (D:14)
  5 orc knights
  7 orb spiders
  8 ugly things
  A cyclops (D:11)
  An oklob plant (Lair:1)
  2 orc sorcerers
  5 deep elf magi
  7 wolf spiders
  A manticore (D:15)
  Joseph (D:9)
  5 black mambas
  2 gargoyles (D:13)
  A torpor snail (shapeshifter) (D:14)
  8 spiny frogs
  2 rime drakes
  2 kobold demonologists
  A yaktaur (D:13)
  6 komodo dragons
  3 demonic crawlers
  A tengu conjurer (D:13)
  7 jumping spiders
  4 hornets
  A merfolk (shapeshifter) (D:15)
  A polar bear (shapeshifter) (D:13)
  4 polar bears
  3 trolls
  4 blink frogs (Lair:5)
  A dream sheep (Lair:3)
  5 hippogriffs
  18 redbacks
  A spriggan (Lair:3)
  9 tarantellas
  4 wraiths
  2 wyverns
  30 yaks
  A human (D:13)
  3 basilisks
  A hog (Spider:1)
  3 hungry ghosts (D:12)
  Menkaure (D:7)
  4 vampire mosquitoes (D:14)
  2 wargs
  An acid dragon (D:15)
  3 soldier ants
  10 water moccasins
  11 porcupines
  27 orc warriors
  6 sky beasts
  4 ice beasts
  An eye of draining (D:14)
  6 centaurs
  11 ogres
  10 wolves (Lair:4)
  11 crocodiles
  2 big kobolds
  16 bullfrogs
  A wyvern skeleton (D:10)
  2 troll zombies (D:12)
  2 scorpions
  10 killer bees
  8 howler monkeys
  6 crimson imps
  3 centaur zombies
  2 centaur skeletons
  6 hounds
  6 jellies
  29 orc wizards
  3 bullfrog skeletons
  A gnoll shaman (D:6)
  19 orc priests
  A bullfrog zombie (D:6)
  Jessica (D:3)
  Terence (D:2)
  4 iguanas
  13 worker ants
  5 ogre zombies (D:12)
  2 hound zombies
  2 hound skeletons
  Robin (D:3)
  7 adders
  4 gnolls
  3 shadow imps
  An ooze (D:2)
  2 adder skeletons
  5 worms
  8 leopard geckos
  97 orcs
  9 bats
  4 giant cockroaches
  14 goblins
  11 hobgoblins
  12 jackals
  19 kobolds
  3 quokkas
  3 frilled lizards
  2 gnoll zombies (D:2)
  2 goblin skeletons (D:12)
  2 goblin zombies (D:12)
  2 hobgoblin skeletons (D:12)
  4 hobgoblin zombies (D:12)
  3 orc skeletons (D:12)
  12 orc zombies (D:12)
  A quokka skeleton (D:6)
  2 rats (D:3)
699 creatures vanquished.

Vanquished Creatures (others)
  A centaur warrior (D:14)
  2 humans (Spider:1)
  2 centaurs
  An orc (Orc:1)
  4 fungi
  A plant (Lair:4)
  4 toadstools (D:1)
15 creatures vanquished.

Grand Total: 714 creatures vanquished

Notes
Turn   | Place    | Note
-------+----------+-------------------------------------------
     0 | D:1      | aMcNicky the Draconian Ice Elementalist began the quest for the Orb.
     0 | D:1      | Reached XP level 1. HP: 14/14 MP: 3/3
   369 | D:1      | Reached XP level 2. HP: 22/22 MP: 3/5
   403 | D:1      | Reached skill level 1 in Fighting
  1082 | D:2      | Reached XP level 3. HP: 28/28 MP: 4/6
  1169 | D:2      | Found a glowing golden altar of the Shining One.
  1564 | D:2      | Found a basalt altar of Yredelemnul.
  1911 | D:2      | Noticed Terence
  1921 | D:2      | Killed Terence
  1921 | D:2      | Reached XP level 4. HP: 33/36 MP: 0/8
  2035 | D:3      | Learned a level 2 spell: Throw Frost
  2039 | D:3      | Learned a level 3 spell: Ozocubu's Armour
  2433 | D:3      | Found a runed door.
  3035 | D:3      | Noticed Robin
  3053 | D:3      | Killed Robin
  3053 | D:3      | Reached XP level 5. HP: 38/41 MP: 9/9
  3202 | D:3      | Noticed Jessica
  3207 | D:3      | Killed Jessica
  3685 | D:4      | Found a stormy altar of Qazlal.
  3830 | D:4      | Reached skill level 5 in Ice Magic
  4051 | D:4      | Reached XP level 6. HP: 48/50 MP: 10/10
  4132 | D:4      | Found a staircase to the Ecumenical Temple.
  4144 | Temple   | Entered the Ecumenical Temple
  4363 | Temple   | Became a worshipper of Vehumet
  4425 | D:4      | Learned a level 4 spell: Throw Icicle
  4466 | D:4      | Found a hazy altar of Hepliaklqana.
  4717 | D:5      | Entered Level 5 of the Dungeon
  5069 | D:5      | Your scales start taking on a lurid green colour.
  5069 | D:5      | Reached XP level 7. HP: 47/57 MP: 12/12
  5069 | D:5      | Gained mutation: Your system is resistant to poisons. (rPois) [Green Draconian growth]
  5272 | D:5      | Found an iron altar of Okawaru.
  5761 | D:6      | Reached * piety under Vehumet
  5761 | D:6      | Offered knowledge of Sting by Vehumet.
  5937 | D:6      | Learned a level 1 spell: Sting
  5973 | D:6      | Found a shimmering altar of Xom.
  5974 | D:6      | Found a shimmering altar of Xom.
  5979 | D:6      | Found a shimmering altar of Xom.
  5979 | D:6      | Found a shimmering altar of Xom.
  5980 | D:6      | Found a shimmering altar of Xom.
  5996 | D:6      | Reached XP level 8. HP: 46/67 MP: 12/14
  6502 | D:6      | Found a shattered altar of Ashenzari.
  6564 | D:6      | Reached skill level 5 in Conjurations
  6662 | D:7      | Noticed Menkaure
  6859 | D:7      | Reached skill level 5 in Fighting
  6859 | D:7      | Reached skill level 1 in Poison Magic
  7119 | D:7      | Killed Menkaure
  7119 | D:7      | Reached skill level 5 in Spellcasting
  7406 | D:7      | Found an ornate altar of the Wu Jian Council.
  7421 | D:7      | Found a burning altar of Makhleb.
  7425 | D:7      | Found a white marble altar of Elyvilon.
  7425 | D:7      | Found a snail-covered altar of Cheibriados.
  7431 | D:7      | Found a deep blue altar of Sif Muna.
  7606 | D:7      | You fall through a shaft!
  7613 | D:8      | Reached XP level 9. HP: 74/74 MP: 16/16
  7705 | D:8      | Reached ** piety under Vehumet
  7746 | D:8      | Offered knowledge of Shock by Vehumet.
  7839 | D:8      | Learned a level 1 spell: Shock
  8318 | D:8      | Offered knowledge of Throw Flame by Vehumet.
  8658 | D:9      | Noticed a two-headed ogre
  8668 | D:9      | Killed a two-headed ogre
  8857 | D:9      | Found a hide-covered altar of Uskayaw.
  8896 | D:9      | Reached XP level 10. HP: 86/86 MP: 12/19
  9021 | D:9      | Reached *** piety under Vehumet
  9046 | D:9      | Noticed Joseph
  9063 | D:9      | Killed Joseph
  9290 | D:9      | Got a smoking buckler
  9291 | D:9      | Identified the +4 buckler of Spring {Str+2} (You found it on level 9 of the Dungeon)
  9331 | D:9      | Reached skill level 1 in Shields
  9809 | D:9      | Found a staircase to the Lair.
  9900 | D:10     | Entered Level 10 of the Dungeon
 10329 | D:10     | Noticed Harold
 10337 | D:10     | Killed Harold
 10742 | D:10     | Offered knowledge of Airstrike by Vehumet.
 11230 | Lair:1   | Entered Level 1 of the Lair of Beasts
 11230 | Lair:1   | Noticed an oklob plant
 11420 | Lair:1   | Killed an oklob plant
 11420 | Lair:1   | Reached XP level 11. HP: 62/95 MP: 17/22
 11871 | Lair:1   | Noticed a five-headed hydra
 11876 | Lair:1   | Killed a five-headed hydra
 12119 | Lair:1   | You fall through a shaft!
 12131 | Lair:2   | Noticed a seven-headed hydra
 12143 | Lair:2   | Killed a seven-headed hydra
 12149 | Lair:2   | Reached **** piety under Vehumet
 12578 | Lair:1   | Learned a level 4 spell: Airstrike
 13442 | Lair:2   | Noticed Gastronok
 13479 | Lair:2   | Killed Gastronok
 13479 | Lair:2   | Reached skill level 10 in Ice Magic
 13734 | Lair:2   | Noticed a four-headed hydra
 13740 | Lair:2   | Killed a four-headed hydra
 13740 | Lair:2   | Reached skill level 10 in Fighting
 13861 | Lair:2   | Noticed Nergalle
 13867 | Lair:2   | Killed Nergalle
 13867 | Lair:2   | Offered knowledge of Yara's Violent Unravelling by Vehumet.
 13867 | Lair:2   | Reached XP level 12. HP: 89/106 MP: 12/24
 13935 | Lair:2   | Found a staircase to the Shoals.
 14793 | Lair:3   | Reached skill level 10 in Conjurations
 15252 | Lair:3   | Found a hole to the Spider Nest.
 15713 | Lair:4   | Noticed a death yak
 15714 | Lair:4   | Noticed a death yak
 15741 | Lair:3   | Killed a death yak
 15785 | Lair:3   | Killed a death yak
 16302 | Lair:4   | Noticed a four-headed hydra
 16308 | Lair:4   | Killed a four-headed hydra
 16793 | Lair:4   | Noticed a six-headed hydra
 16812 | Lair:4   | Killed a six-headed hydra
 16929 | Lair:4   | Reached XP level 13. HP: 116/116 MP: 21/26
 16931 | Lair:4   | Reached ***** piety under Vehumet
 17006 | Lair:4   | Offered knowledge of Ozocubu's Refrigeration by Vehumet.
 17014 | Lair:4   | Learned a level 6 spell: Ozocubu's Refrigeration
 17032 | Lair:4   | Noticed Josephine
 17040 | Lair:4   | Killed Josephine
 17985 | Lair:5   | Reached skill level 10 in Spellcasting
 18343 | Lair:5   | Reached skill level 5 in Dodging
 18446 | Lair:5   | Found a staircase to the Slime Pits.
 19353 | Lair:6   | Entered Level 6 of the Lair of Beasts
 19798 | D:11     | Noticed a fire dragon
 19975 | D:10     | Killed a fire dragon
 20374 | D:11     | Found a portal to a secret trove of treasure.
 22269 | D:12     | Found a staircase to the Orcish Mines.
 22647 | Orc:1    | Entered Level 1 of the Orcish Mines
 23359 | Orc:2    | Entered Level 2 of the Orcish Mines
 23573 | Orc:2    | Noticed an orc warlord
 24419 | Orc:1    | Killed an orc warlord
 24548 | Orc:2    | Offered knowledge of Bolt of Magma by Vehumet.
 24556 | Orc:2    | Gained mutation: Your tail ends in a poisonous barb. [Green Draconian growth]
 24556 | Orc:2    | Reached XP level 14. HP: 127/127 MP: 6/28
 24917 | Orc:2    | Found a roughly hewn altar of Beogh.
 24996 | Orc:2    | Found Wasick's Distillery.
 25053 | Orc:2    | Noticed Snorg
 25058 | Orc:2    | Killed Snorg
 25222 | Orc:2    | Found Duoroz's Magic Scroll Boutique.
 25283 | Orc:2    | Found a staircase to the Elven Halls.
 25690 | Orc:2    | Found Jeiledgh's Antique Armour Shop.
 25692 | Orc:2    | Found a roughly hewn altar of Beogh.
 25695 | Orc:2    | Found Regig's Antique Weapon Boutique.
 25719 | Orc:2    | Bought a pair of polished boots for 171 gold pieces
 25729 | Orc:2    | Identified the +1 pair of boots of Untruth {rPois Str+6} (You bought it in a shop on level 2 of the Orcish Mines)
 25765 | Orc:2    | Found a roughly hewn altar of Beogh.
 25806 | Orc:2    | Found a roughly hewn altar of Beogh.
 25817 | Orc:2    | Found a roughly hewn altar of Beogh.
 25821 | Orc:2    | Found Umpoesyk's Distillery.
 25880 | Orc:2    | Found a roughly hewn altar of Beogh.
 25960 | Orc:2    | Learned a level 5 spell: Bolt of Magma
 26007 | Orc:1    | Offered knowledge of Fireball by Vehumet.
 26192 | Orc:2    | Learned a level 5 spell: Fireball
 26687 | D:13     | Reached skill level 1 in Fire Magic
 27130 | D:13     | Learned a level 6 spell: Bolt of Cold
 27921 | D:13     | Found a gate to the Vaults.
 29426 | D:15     | Entered Level 15 of the Dungeon
 29868 | D:15     | Offered knowledge of Iron Shot by Vehumet.
 30074 | D:11     | Learned a level 2 spell: Throw Frost
 31284 | Spider:1 | Entered Level 1 of the Spider Nest
 31536 | Spider:1 | Reached XP level 15. HP: 136/136 MP: 17/30
 31708 | Spider:1 | Noticed Roxanne
 32053 | Spider:1 | Noticed Kirke
 32056 | Spider:1 | Killed Kirke
 32819 | Spider:1 | Got an ancient lapis lazuli ring
 32824 | Spider:1 | Identified the ring of Vamiwk {Int+2 Dex+4 SInv Stlth+} (You found it on level 1 of the Spider Nest)
 33522 | Spider:2 | Noticed Arachne
 33878 | Elf:1    | Entered Level 1 of the Elven Halls
 33886 | Orc:2    | Offered knowledge of Conjure Ball Lightning by Vehumet.
 34292 | Orc:2    | HP: 3/137 [deep elf mage/bolt of lightning (21)]
 34293 | Orc:2    | Killed from afar by a deep elf mage

Skill      XL: |  1  2  3  4  5  6  7  8  9 10 11 12 13 14 15 |
---------------+----------------------------------------------+-----
Fighting       | 1 2 3 4 5 7 8 10 11 12 13 | 13.9
Ice Magic      | 4 5 6 7 8 9 10 11 12 13 | 13.3
Spellcasting   | 3 4 5 6 7 8 9 10 11 12 | 12.1
Conjurations   | 2 4 5 7 8 9 10 11 12 13 | 13.1
Dodging        | 2 4 6 |  6.7
Poison Magic   | 2 3 |  3.2
Shields        | 4 |  4.0
Fire Magic     | 3 |  3.5
Stealth        | |  1.7

Action                   |  1- 3 |  4- 6 |  7- 9 | 10-12 | 13-15 || total
-------------------------+-------+-------+-------+-------+-------++-------
Melee: Club              |     8 |       |       |       |       ||     8
       Tailslap          |     1 |     5 |    22 |    11 |     8 ||    47
       Dagger            |    39 |    30 |     5 |    69 |    81 ||   224
       Mace              |       |    21 |   108 |       |       ||   129
       Staff             |       |       |       |       |     3 ||     3
Throw: Stone             |   100 |    71 |    35 |    19 |       ||   225
 Cast: Freeze            |    45 |   111 |   194 |   334 |   218 ||   902
       Throw Frost       |       |     2 |     8 |   154 |   361 ||   525
       Ozocubu's Armour  |       |     1 |     4 |     9 |    13 ||    27
       Sting             |       |       |    73 |    90 |     4 ||   167
       Shock             |       |       |    12 |    52 |   138 ||   202
       Throw Icicle      |       |       |       |    80 |   406 ||   486
       Ozocubu's Refrige |       |       |       |       |    18 ||    18
       Bolt of Cold      |       |       |       |       |    20 ||    20
       Bolt of Magma     |       |       |       |       |     5 ||     5
       Fireball          |       |       |       |       |     3 ||     3
 Abil: Breathe Noxious F |       |       |     2 |     3 |     1 ||     6
Evoke: Wand              |       |       |     7 |     1 |       ||     8
  Use: Scroll            |     4 |     3 |     1 |    13 |    12 ||    33
       Potion            |       |       |       |     1 |     5 ||     6
 Stab: Sleeping          |     1 |       |     2 |       |       ||     3
       Distracted        |     1 |       |       |       |       ||     1
  Eat: Chunk             |     4 |     7 |     8 |    11 |    35 ||    65
       Ration            |       |     1 |     1 |     6 |    12 ||    20
Armor: Skin              |    44 |    56 |   121 |   120 |   238 ||   579
Dodge: Dodged            |    77 |    85 |   133 |   161 |   274 ||   730
Block: Other             |       |       |    36 |     2 |       ||    38
       Buckler           |       |       |       |   294 |   337 ||   631
       Reflection        |       |       |       |     8 |    18 ||    26
